 Dungeon Crawl Stone Soup version 0.27-a0-1319-geec4fb4e21 (webtiles) character file.

Game seed: 17354921614973713603

19 Kold the Shield-Bearer (level 2, -4/19 HPs)
             Began as a Gargoyle Fighter on June 21, 2021.
             Slain by a worm (8 damage)
             ... on level 2 of the Dungeon.
             The game lasted 00:00:47 (917 turns).

Kold the Shield-Bearer (Gargoyle Fighter)            Turns: 917, Time: 00:00:48

Health: -4/19      AC:  9    Str: 19    XL:     2   Next: 75%
Magic:  2/2        EV:  7    Int:  8    God:
Gold:   66         SH:  9    Dex:  9    Spells: 1/1 levels left

rFire    . . .     SeeInvis .   a - +0 flail
rCold    . . .     Faith    .   c - +0 kite shield
rNeg     + . .     Spirit   .   b - +0 scale mail
rPois    ∞         Reflect  .   (no helmet)
rElec    +         Harm     .   (no cloak)
rCorr    .         Rampage  .   (no gloves)
Will     .....                  (no boots)
Stlth    ..........             (no amulet)
HPRegen  0.06/turn              (no ring)
MPRegen  0.08/turn              (no ring)

@: no status effects
A: sickness immunity, AC +2, negative energy resistance 1, electricity
resistance, torment resistance 1, petrification resistance
a: no special abilities


You were on level 2 of the Dungeon.
You visited 1 branch of the dungeon, and saw 2 of its levels.

You collected 66 gold pieces.

Inventory:

Hand Weapons
 a - a +0 flail (weapon)
Armour
 b - a +0 scale mail (worn)
 c - a +0 kite shield (worn)
Scrolls
 e - 4 scrolls of identify {unknown}
 h - a scroll of noise {unknown}
 i - a scroll of torment {unknown}
Potions
 d - 2 potions of might
 f - 2 potions of flight {unknown}
 g - 3 potions of degeneration {unknown}
 j - a potion of haste {unknown}


   Skills:
 - Level 3.2 Fighting
 * Level 2.9 Maces & Flails
 - Level 3.2 Armour
 + Level 3.6 Shields


You had one spell level left.
You didn't know any spells.
Your spell library was empty.

Dungeon Overview and Level Annotations

Branches:
Dungeon (2/15)

Altars:


Innate Abilities, Weirdness & Mutations

You are immune to sickness and miasma.
Your stone body is resilient. (AC +2)
You are immune to poison.
You resist negative energy. (rN+)
You are resistant to electric shocks. (rElec)
You are resistant to unholy torment.
You are immune to petrification.


Message History

You block the ball python's attack. The ball python grabs you.
The ball python constricts you.
You escape the ball python's grasp.
You sock the ball python!
You kill the ball python!
You closely miss the goblin. The goblin hits you but does no damage.
You block the goblin's attack.
You barely miss the goblin. The goblin hits you but does no damage.
You closely miss the goblin. You block the goblin's attack. x2
You barely miss the goblin. The goblin hits you with a +0 club.
The goblin barely misses you.
You barely miss the goblin. The goblin completely misses you.
You barely miss the goblin. The goblin barely misses you.
The goblin hits you but does no damage.
You barely miss the goblin. The goblin hits you but does no damage.
You closely miss the goblin. The goblin hits you but does no damage.
The goblin barely misses you.
You closely miss the goblin. The goblin hits you with a +0 club.
You closely miss the goblin. You block the goblin's attack.
The goblin hits you but does no damage.
You closely miss the goblin. The goblin hits you with a +0 club.
You hit the goblin.
You kill the goblin!
You barely miss the worm. You block the worm's attack.
You hit the worm but do no damage. You completely miss the worm.
The worm bites you.
You sock the worm!
The worm is moderately wounded.
The worm bites you.
* * * LOW HITPOINT WARNING * * *
You sock the worm!
The worm is severely wounded.
The worm barely misses you.
You hit the worm.
The worm is almost dead.
The worm barely misses you.
Your shield and scale mail prevent you from hitting the worm.
The worm is severely wounded.
The worm bites you!
You die...

#.................#.#...#
#..........##.....#.#.#.#
##########.####...#.###.#
#####.# .....#...#.#
.......##........#.#
......)...#..#...#.#
.....w..#..........#
........#w#..###.###
........#@.......#
........#.########
........#.# #...#.#.#.#
#...#.#...# #### ### ....
.... ....


You could see a worm.

Vanquished Creatures
  2 bats
  An endoplasm (D:1)
  A giant cockroach (D:2)
  2 goblins (D:2)
  A quokka (D:1)
  6 ball pythons
  A frilled lizard (D:2)
  3 kobolds (D:2)
  2 rats
19 creatures vanquished.

Notes
Turn   | Place    | Note
-------+----------+-------------------------------------------
     0 | D:1      | Kold the Gargoyle Fighter began the quest for the Orb.
     0 | D:1      | Reached XP level 1. HP: 14/14 MP: 1/1
   188 | D:1      | Found a faded altar of an unknown god.
   600 | D:2      | Reached XP level 2. HP: 19/19 MP: 2/2
   917 | D:2      | Slain by a worm

Illustrated notes

Levels and vault maps discovered:
D:1:      ncdulo_lavacross, layout_basic, ebering_ecumenical_altar_abandoned,
          minmay_misc_feat_enclosed
D:2:      minmay_evil_eye, layout_basic

Action                   || total
-------------------------++-------
Melee: Flail             ||    70
Armor: Scale mail        ||    29
Dodge: Dodged            ||    18
Block: Kite shield       ||    33

Table legend: (Time is in decaauts)
 A = Elapsed time spent in this place.
 B = Non-inter-level travel time spent in this place.
 C = Inter-level travel time spent in this place.
 D = Time resting spent in this place.
 E = Time spent auto-exploring this place.
 F = Levels seen in this place.
 G = Mean time per level.
                   A        B        C        D        E       F      G
               +--------+--------+--------+--------+--------+-----+--------+
         Total |    951 |    944 |      7 |      0 |    778 |   2 |  475.5 |
       Dungeon |    951 |    944 |      7 |      0 |    778 |   2 |  475.5 |
               +--------+--------+--------+--------+--------+-----+--------+

Top non-repeatable levels by time:
     D:1: 608 daAuts
     D:2: 343 daAuts
